 Dungeon Crawl Stone Soup version 0.32-a0-391-gce5c0aab1b (webtiles) character file.

Game seed: 793571159276391861

367 LobsterGuardian the Grave Robber (level 6, -7/43 HPs)
             Began as a Demonspawn Necromancer on Feb 20, 2024.
             Mangled by a mummy (14 damage)
             ... in an ossuary.
             The game lasted 00:08:56 (3718 turns).

LobsterGuardian the Grave Robber (DsNe)             Turns: 3718, Time: 00:08:56

Health: -7/43      AC:  7    Str:  8    XL:     6   Next: 41%
Magic:  7/10       EV: 12    Int: 23    God:
Gold:   187        SH:  4    Dex: 14    Spells: 6/11 levels left

rFire   . . .        e - +0 dagger (drain)
rCold   . . .        (no shield)
rNeg    . . .        a - +1 robe
rPois   .            (helmet restricted)
rElec   .            (no cloak)
rCorr   +            (no gloves)
SInv    .            k - +0 pair of boots
Will    .....        (no amulet)
Stlth   ++           i - +6 ring of intelligence
HPRegen 0.27/turn    l - ring of resist corrosion
MPRegen 0.12/turn

%: no passive effects
@: very slightly contaminated
A: antennae 1, yellow scales 2, condensation shield
a: no special abilities


You were in an ossuary.
You visited 1 branch of the dungeon, and saw 4 of its levels.
You also visited: Ossuary.

You collected 187 gold pieces.

Inventory:

Hand Weapons
 e - a +0 dagger of draining (weapon)
Missiles
 j - a throwing net
Armour
 a - a +1 robe (worn)
 k - a +0 pair of boots (worn)
Jewellery
 i - a +6 ring of intelligence (left hand)
 l - a ring of resist corrosion (right hand)
Scrolls
 h - a scroll of butterflies
 o - 2 scrolls of enchant armour
Potions
 b - 2 potions of magic
 c - a potion of lignification {unknown}
 f - 2 potions of enlightenment {unknown}
 g - a potion of heal wounds
 n - a potion of cancellation


   Skills:
 + Level 1.3 Fighting
 + Level 2.6 Dodging
 + Level 2.1 Stealth
 + Level 3.1 Spellcasting
 + Level 1.0 Conjurations
 * Level 6.8 Necromancy
 + Level 0.8 Alchemy


You had 6 spell levels left.
You knew the following spells:

 Your Spells              Type           Power      Damage    Failure   Level
a - Necrotise             Necr           100%       1d9       1%          1
b - Vampiric Draining     Necr           35%        2d8       1%          3
c - Sting                 Conj/Alch      28%        1d4       8%          1

Your spell library contained the following spells:

 Spells                   Type           Power      Damage    Failure   Level
 Kiss of Death            Conj/Necr      84%        2d11      2%          1
 Animate Dead             Necr           35%        N/A       7%          4
 Dispel Undead            Necr           35%        3d15      7%          4
 Apportation              Tloc           6%         N/A       12%         1
 Summon Small Mammal      Summ           12%        N/A       12%         1
 Curse of Agony           Necr           35%        N/A       19%         5
 Confusing Touch          Hex            3%         N/A       34%         3


Dungeon Overview and Level Annotations

Branches:
Dungeon (4/15)            Ossuary (1/1)
 Temple: D:4-7

Altars:
Wu Jian

Shops:
D:2 (

Annotations:
D:3 2 runed translucent doors, bearlyready's ghost, amateur CoGl


Innate Abilities, Weirdness & Mutations

You have a pair of small antennae on your head.
You are mostly covered in yellow scales. (AC +3)
A meltable shield of frost defends you. (SH +4)


Message History

Casting: Sting (safe; 8% risk of failure)
Confirm with . or Enter, or press ? or * to list all spells.
Aiming: Sting (safe; 8% risk of failure)
Press: ? - help, Shift-Dir - straight line, f/p - mummy
Aim: a mummy (severely damaged, 85% to hit)
The sting hits the mummy.
The mummy is severely damaged.
Unknown command.
Casting: Sting (safe; 8% risk of failure)
Confirm with . or Enter, or press ? or * to list all spells.
Aiming: Sting (safe; 8% risk of failure)
Press: ? - help, Shift-Dir - straight line, f/p - mummy
Aim: a mummy (severely damaged, 85% to hit)
You miscast Sting.
You are very lightly contaminated with residual magic.
Nothing appears to happen.
Unknown command.
Casting: Sting (safe; 8% risk of failure)
Confirm with . or Enter, or press ? or * to list all spells.
Aiming: Sting (safe; 8% risk of failure)
Press: ? - help, Shift-Dir - straight line, f/p - mummy
Aim: a mummy (severely damaged, 85% to hit)
The sting hits the mummy but does no damage.
The mummy is severely damaged.
Unknown command.
You hit the mummy but do no damage.
The mummy is severely damaged.
You hit the mummy.
The mummy is almost destroyed.
The mummy hits you!
* * * LOW HITPOINT WARNING * * *
You barely miss the mummy.
The mummy is almost destroyed.
You completely miss the mummy.
The mummy is almost destroyed.
The mummy closely misses you.
You hit the mummy but do no damage.
The mummy is almost destroyed.
The mummy hits you!
You die...

##..##..## { ##..##..## #..##.^##
##..##..## ..##..## ##..##..#
.##..##{ ##..##.. ##..## ##..##.
#..## ##..## ..##{ {{{ { { ,
##..#
.##########################..##..
................@M............##.
#################################
.................................
#################################


You could see a mummy.

Vanquished Creatures
  Menkaure (Ossuary)
  A sleepcap (D:4)
  2 mummies (Ossuary)
  3 adders (D:3)
  A ribbon worm (D:2)
  2 dart slugs
  An orc (D:4)
  3 endoplasms
  A giant cockroach (D:1)
  6 gnoll zombies (Ossuary)
  9 goblins
  4 hobgoblins
  3 jackals (D:4)
  2 quokkas (D:1)
  5 ball pythons
  6 bats
  3 frilled lizards
  7 gnoll skeletons (Ossuary)
  6 goblin skeletons (Ossuary)
  3 goblin zombies (Ossuary)
  2 hobgoblin skeletons (Ossuary)
  4 hobgoblin zombies (Ossuary)
  5 kobolds
  A kobold zombie (Ossuary)
  An orc skeleton (Ossuary)
  5 orc zombies (Ossuary)
  2 rats (D:1)
  6 rat skeletons (Ossuary)
  5 rat zombies (Ossuary)
100 creatures vanquished.

Vanquished Creatures (collateral kills)
  A hobgoblin (D:1)
1 creature vanquished.

Grand Total: 101 creatures vanquished

Notes
Turn   | Place    | Note
-------+----------+-------------------------------------------
     0 | D:1      | LobsterGuardian the Demonspawn Necromancer began the quest
                  | for the Orb.
     0 | D:1      | Reached XP level 1. HP: 13/13 MP: 3/3
   144 | D:1      | Gained mutation: A meltable shield of frost defends you.
                  | (SH +4) [demonic ancestry]
   144 | D:1      | Reached XP level 2. HP: 19/19 MP: 0/5
   209 | D:1      | Reached skill level 5 in Necromancy
   491 | D:1      | Gained mutation: You are partially covered in yellow
                  | scales. (AC +2) [demonic ancestry]
   491 | D:1      | Reached XP level 3. HP: 17/24 MP: 3/6
   948 | D:2      | Learned a level 3 spell: Vampiric Draining
   950 | D:2      | Learned a level 1 spell: Sting
  1040 | D:2      | Found Agruti Ruej's Antique Weapon Shop.
  1315 | D:2      | Found an ornate altar of the Wu Jian Council.
  1621 | D:3      | Gained mutation: You have a pair of small antennae on your
                  | head. [demonic ancestry]
  1621 | D:3      | Reached XP level 4. HP: 27/30 MP: 4/7
  1913 | D:3      | Found a large runed translucent door.
  1913 | D:3      | Found a large runed translucent door.
  1915 | D:3      | Noticed bearlyready's ghost (amateur CoGl)
  2208 | D:3      | Reached skill level 6 in Necromancy
  2386 | D:3      | Found a faded altar of an unknown god.
  2692 | D:4      | Reached XP level 5. HP: 24/35 MP: 9/9
  2951 | D:4      | Found a sand-covered staircase.
  2968 | Ossuary  | Entered an ossuary
  3608 | Ossuary  | Noticed Menkaure
  3626 | Ossuary  | Killed Menkaure
  3627 | Ossuary  | Reached skill level 1 in Fighting
  3627 | Ossuary  | Gained mutation: You are mostly covered in yellow scales.
                  | (AC +3) [demonic ancestry]
  3627 | Ossuary  | Reached XP level 6. HP: 18/43 MP: 10/10
  3672 | Ossuary  | Reached skill level 1 in Conjurations
  3718 | Ossuary  | Mangled by a mummy

Illustrated notes

Levels and vault maps discovered:
D:1:      roderic_crossed_star, layout_basic,
          nicolae_concentric_dashed_squares_wild
D:2:      layout_basic, basic_altar, serial_shops,
          nicolae_shop_tiny_real_fake_doors, minivault_4,
          guppyfry_early_lair_pool
D:3:      layout_basic, dreamdust_ecumenical_altar_sealed_demon,
          ebering_ghost_disaster_area
D:4:      layout_loops_corners, enter_ossuary_2
Ossuary:  ossuary_due_pyramid

Skill      XL: |  1  2  3  4  5  6 |
---------------+-------------------+-----
Necromancy     | 5 6 |  6.8
Stealth        | 2 |  2.1
Dodging        | 2 |  2.6
Spellcasting   | 3 |  3.1
Fighting       | 1 |  1.3
Conjurations   | 1 |  1.0
Alchemy        | |  0.8

Action                     |  1- 3 |  4- 6 || total
---------------------------+-------+-------++-------
  Melee: Unarmed           |     7 |       ||     7
         Dagger            |    10 |   351 ||   361
   Cast: Necrotise         |    46 |    22 ||    68
         Sting             |       |    35 ||    35
    Use: Scroll            |     5 |     7 ||    12
         Potion            |       |     3 ||     3
   Stab: Distracted        |     1 |       ||     1
         Sleeping          |     1 |       ||     1
 Armour: Robe              |    18 |   110 ||   128
  Dodge: Dodged            |    12 |   165 ||   177
  Block: Other             |     5 |    44 ||    49

Table legend: (Time is in decaauts)
 A = Elapsed time spent in this place.
 B = Non-inter-level travel time spent in this place.
 C = Inter-level travel time spent in this place.
 D = Time resting spent in this place.
 E = Time spent auto-exploring this place.
 F = Levels seen in this place.
 G = Mean time per level.
                   A        B        C        D        E       F      G
               +--------+--------+--------+--------+--------+-----+--------+
         Total |   3716 |   3648 |     68 |      0 |   2767 |   5 |  743.2 |
       Dungeon |   2967 |   2899 |     68 |      0 |   2473 |   4 |  741.8 |
       Ossuary |    748 |    748 |      0 |      0 |    294 |   1 |  748.0 |
               +--------+--------+--------+--------+--------+-----+--------+

Top non-repeatable levels by time:
     D:3: 950 daAuts
     D:2: 836 daAuts
     D:1: 781 daAuts
 Ossuary: 748 daAuts
     D:4: 399 daAuts
